 Dungeon Sprint DCSS version 0.31-a0-965-g8a8ce12e04 (webtiles) character file.

Game seed: 4637163645691129252

2934 rocky1 the Fencer (level 9, -8/61 HPs)
             Began as a Tengu Gladiator on Oct 27, 2023.
             Was an Initiate of Gozag.
             Mangled by a molten gargoyle
             ... wielding a +0 morningstar
              (12 damage)
             ... in the Dungeon (Sprint VII: "The Pits").
             The game lasted 00:05:11 (1415 turns).

rocky1 the Fencer (Tengu Gladiator)                 Turns: 1415, Time: 00:05:13

Health: -8/61      AC: 14    Str: 14    XL:     9   Next: 80%
Magic:  20/20      EV: 15    Int: 10    God:    Gozag
Gold:   1054       SH:  0    Dex: 19    Spells: 21/21 levels left

rFire   . . .        r - +0 great sword
rCold   . . .        (shield currently unavailable)
rNeg    . . .        w - +4 chain mail
rPois   .            c - +0 hat
rElec   .            (no cloak)
rCorr   .            (no gloves)
SInv    .            (boots unavailable)
Will    .....        (no amulet) Stlth
                     (no ring)
HPRegen 0.30/turn    (no ring)
MPRegen 0.17/turn

%: no teleportation, acrobat
@: flying
A: beak, talons 3, evasive flight, acrobatic
a: Renounce Religion, Potion Petition, Call Merchant, Bribe Branch


You were in the Dungeon.
You worshipped Gozag.
Gozag was most pleased with you.
You visited 1 branch You collected 1953 gold pieces.
You spent 214 gold pieces at shops.
You paid 685 gold pieces to Gozag.

Inventory:

Hand Weapons
 a - a +0 long sword
 p - a +3 long sword of holy wrath
 r - a +0 great sword (weapon)
 x - a +2 scimitar of flaming
 y - a +0 heavy orcbow
Missiles
 d - a throwing net (quivered)
 e - a javelin
 s - a curare-tipped dart
Armour
 b - a +0 leather armour
 c - a +0 hat (worn)
 q - a +3 chain mail
 w - a +4 chain mail (worn)
Jewellery
 t - a +3 ring of intelligence
 u - a +3 ring of protection
Scrolls
 k - a scroll of blinking
 m - 2 scrolls of vulnerability
 n - 5 scrolls of amnesia
 o - a scroll of summoning
Potions
 f - 8 potions of curing
 g - 9 potions of heal wounds
 h - a potion of haste
 i - 4 potions of magic
 j - 2 potions of berserk rage
 l - a potion of invisibility
 v - 2 potions of brilliance


   Skills:
 * Level 9.5 Fighting
 * Level 17.0 Long Blades
 - Level 2.0 Throwing
 + Level 8.2 Armour
 + Level 8.4 Dodging
 - Level 1.0 Stealth
 - Level 6.9 Spellcasting


You had 21 spell levels left.
You didn't know any spells.
Your spell library was empty.

Dungeon Overview and Level Annotations

Branches:
Dungeon (1/1)

Altars:
Ashenzari
Cheibriados
Dithmenos
Elyvilon
Fedhas
Gozag
Hepliaklqana
Kikubaaqudgha
Makhleb
Nemelex Xobeh
Okawaru
Qazlal
Ru
Sif Muna
Trog
Uskayaw
Vehumet
Wu Jian
Xom
Yredelemnul
Zin
The Shining One
Jiyva
Lugonu

Shops:
D (


Innate Abilities, Weirdness & Mutations

You have a beak for a mouth.
You have claws for feet.
Your magical flight helps you evade attacks. (EV +4)
You can magically evade attacks while moving or waiting.


Message History

There is an open door to the Entrance Hall (Safe) here. [a] 789 gold - Ufrevit's Magic Scroll Shop [b] 685 gold - Suekaat's Antique Weapon Shop [c] 767 gold - Vezxeris's Armour Boutique Fund which merchant?
Suekaat invites you to visit their Antique Weapon Shop.
Unknown command.
y - a +0 heavy orcbow Thank you for shopping at Suekaat's Antique Weapon Shop!
You reach down and open the huge gate.
A boulder beetle and a molten gargoyle come into view.
You reach down and close the huge gate.
A molten gargoyle opens the huge gate.
The molten gargoyle blasts magma at you!
The bolt of magma hits you!!
There is an entrance to Suekaat's Antique Weapon Shop here.
The boulder beetle leaps!
The molten gargoyle blasts magma at you!
The bolt of magma misses you.
There is an open door to the Entrance Hall (Safe) here.
You feel much better.
Unknown command.
You hit the molten gargoyle.
You claw the molten gargoyle, but do no damage.
The molten gargoyle is lightly damaged.
The molten gargoyle hits you with a +0 morningstar.
You are engulfed in flames!
You slash the molten gargoyle! Your kick misses the molten gargoyle.
The molten gargoyle is moderately damaged.
The molten gargoyle blasts magma at you!
The bolt of magma hits you!!
* * * LOW HITPOINT WARNING * * *
You slice the molten gargoyle!! Your kick misses the molten gargoyle.
Your peck misses the molten gargoyle.
The molten gargoyle is almost destroyed.
The molten gargoyle hits you with a +0 morningstar!
* * * LOW HITPOINT WARNING * * *
You are engulfed in flames!
You die...
Your body crumbles into a pile of gold.

_______...###########++######
#########'##................#
..(.')))'.##......#..#......#
#########.##................+
...........'................+
'#####'#####......#..#......#
.#..#..#..##...B...9..B.....#
.#.)'..'..#####9#####''######
.##)####+###....@..##''#
.#........##.......##..9.
)#........##.......##.....
)#####'#####...<...##.....#
)#...)))[.##.......##...###
)#...))...##.......##..##
)###########.......#
..#.#.##..##########
.......#.###########


You could see a boulder beetle and a molten gargoyle.

Vanquished Creatures
  A boulder beetle (D)
  An orc knight (D)
  An orc sorcerer (D)
  3 glass eyes (D)
  Sigmund (D)
  A small abomination (D)
  An orc warrior (D)
  A kobold brigand (D)
  A bullfrog (D)
  A necrophage (D)
  5 wights (D)
  A hound (D)
  An orc wizard (D)
  2 gnolls (D)
  2 river rats (D)
  An adder zombie (D)
  An adder skeleton (D)
  A worm (D)
  4 orcs (D)
  2 ball pythons (D)
  A frilled lizard (D)
  A goblin (D)
  A rat (D)
35 creatures vanquished.

Notes
Turn   | Place    | Note
-------+----------+-------------------------------------------
     0 | D        | rocky1 the Tengu Gladiator began the quest for the Orb.
     0 | D        | Reached XP level 1. HP: 12/12 MP: 2/2
    25 | D        | Found a bloodstained altar of Trog.
    25 | D        | Found a shimmering blue altar of Sif Muna.
    25 | D        | Found a viscous altar of Jiyva.
    25 | D        | Found a hazy altar of Hepliaklqana.
    25 | D        | Found an opulent altar of Gozag.
    26 | D        | Found a glowing golden altar of the Shining One.
    26 | D        | Found a glowing silver altar of Zin.
    26 | D        | Found a basalt altar of Yredelemnul.
    26 | D        | Found a shimmering altar of Xom.
    26 | D        | Found an ornate altar of the Wu Jian Council.
    26 | D        | Found a sacrificial altar of Ru.
    26 | D        | Found a stormy altar of Qazlal.
    26 | D        | Found an iron altar of Okawaru.
    26 | D        | Found a sparkling altar of Nemelex Xobeh.
    26 | D        | Found a burning altar of Makhleb.
    26 | D        | Found a blossoming altar of Fedhas.
    26 | D        | Found a white marble altar of Elyvilon.
    26 | D        | Found a shadowy altar of Dithmenos.
    26 | D        | Found a snail-covered altar of Cheibriados.
    28 | D        | Found a radiant altar of Vehumet.
    28 | D        | Found a corrupted altar of Lugonu.
    29 | D        | Found a hide-covered altar of Uskayaw.
    29 | D        | Found an ancient bone altar of Kikubaaqudgha.
    29 | D        | Found a broken altar of Ashenzari.
    33 | D        | Became a worshipper of Gozag Ym Sagoz the Greedy
    65 | D        | Noticed a glass eye
    84 | D        | Killed a glass eye
    85 | D        | Reached skill level 8 in Long Blades
    85 | D        | Reached XP level 2. HP: 20/20 MP: 2/7
    85 | D        | Reached XP level 3. HP: 24/24 MP: 2/8
    85 | D        | Reached XP level 4. HP: 30/30 MP: 2/9
    85 | D        | Reached XP level 5. HP: 34/34 MP: 2/10
   252 | D        | Noticed a glass eye
   261 | D        | Killed a glass eye
   262 | D        | Reached skill level 5 in Fighting
   262 | D        | Reached skill level 10 in Long Blades
   262 | D        | Reached XP level 6. HP: 40/40 MP: 10/13
   405 | D        | Reached skill level 5 in Armour
   529 | D        | Noticed a glass eye
   536 | D        | Reached skill level 11 in Long Blades
   554 | D        | Killed a glass eye
   555 | D        | Reached skill level 12 in Long Blades
   555 | D        | Gained mutation: Your magical flight helps you evade
                  | attacks. (EV +4) [Tengu growth]
   555 | D        | Reached XP level 7. HP: 24/46 MP: 13/15
   742 | D        | Noticed Sigmund
   770 | D        | Killed Sigmund
   771 | D        | Reached skill level 5 in Spellcasting
   775 | D        | Reached skill level 13 in Long Blades
   775 | D        | Reached XP level 8. HP: 47/52 MP: 16/16
   938 | D        | Noticed a boulder beetle
   957 | D        | Killed a boulder beetle
   958 | D        | Reached skill level 15 in Long Blades
   958 | D        | Reached skill level 1 in Stealth
   958 | D        | Reached XP level 9. HP: 51/59 MP: 17/19
  1145 | D        | Noticed an orc knight
  1145 | D        | Noticed an orc sorcerer
  1165 | D        | Killed an orc knight
  1166 | D        | Reached skill level 16 in Long Blades
  1169 | D        | Killed an orc sorcerer
  1170 | D        | Reached skill level 17 in Long Blades
  1396 | D        | Bought a runed orcbow for 214 gold pieces
  1398 | D        | Noticed a boulder beetle
  1398 | D        | Noticed a molten gargoyle
  1415 | D        | Mangled by a molten gargoyle

Illustrated notes

Levels and vault maps discovered:
D:        pitsprint [storerooms_1, entrance_room_1, metal_vault_4, armoury_1,
          mini_pit_1, grid_room_1, main_hall_1, silver_pit, the_coven_1,
          the_vestibule_1, steel_vault_4, golden_pit, hallway_of_sentries,
          crystal_vault_2, iron_vault_4, final_vault]

Skill      XL: |  1  2  3  4  5  6  7  8  9 |
---------------+----------------------------+-----
Fighting       | 4 5 6 8 9 |  9.5
Long Blades    | 8 10 12 13 15 17 | 17.0
Armour         | 3 4 5 6 7 8 |  8.2
Dodging        | 6 7 8 |  8.4
Spellcasting   | 3 4 5 6 |  6.9
Stealth        | 1 |  1.0
Throwing       | |  2.0

Action                     |  1- 3 |  4- 6 |  7- 9 || total
---------------------------+-------+-------+-------++-------
  Melee: Long sword        |    20 |    43 |    43 ||   106
         Kick              |     5 |    17 |    24 ||    46
         Peck              |     5 |    12 |    17 ||    34
         Punch             |       |     2 |       ||     2
         Great sword       |       |       |    43 ||    43
  Throw: Throwing net      |       |       |     2 ||     2
 Invoke: Call Merchant     |       |       |     1 ||     1
    Use: Potion            |       |       |     6 ||     6
   Stab: Invisible         |       |       |     2 ||     2
 Armour: Leather armour    |     1 |     9 |       ||    10
         Chain mail        |       |       |    28 ||    28
  Dodge: Dodged            |     1 |    18 |    33 ||    52

Table legend: (Time is in decaauts)
 A = Elapsed time spent in this place.
 B = Non-inter-level travel time spent in this place.
 C = Inter-level travel time spent in this place.
 D = Time resting spent in this place.
 E = Time spent auto-exploring this place.
 F = Levels seen in this place.
 G = Mean time per level.
                   A        B        C        D        E       F      G
               +--------+--------+--------+--------+--------+-----+--------+
         Total |   1420 |   1371 |     49 |    914 |      0 |   1 | 1420.0 |
       Dungeon |   1420 |   1371 |     49 |    914 |      0 |   1 | 1420.0 |
               +--------+--------+--------+--------+--------+-----+--------+

Top non-repeatable levels by time:
       D: 1420 daAuts
